 Dungeon Crawl Stone Soup version 0.29.0-4-gdea44cf6ec (webtiles) character file.

Game seed: 284743576651025436

8923 qw the Severer (level 11, -18/102 HPs)
             Began as a Minotaur Berserker on Sept 10, 2022.
             Was a Priest of Trog.
             Demolished by a bog body (25 damage)
             ... on level 2 of the Lair of Beasts.
             The game lasted 00:03:11 (10478 turns).

qw the Severer (Minotaur Berserker)                Turns: 10478, Time: 00:03:12

Health: -18/102    AC: 14    Str: 26    XL:     11   Next: 16%
Magic:  10/10      EV:  9    Int: 10    God:    Trog [***...]
Gold:   691        SH:  0    Dex: 10    Spells: 10/10 levels left

rFire   . . .      SeeInvis .   Y - +1 war axe
rCold   . . .      Faith    .   (no shield)
rNeg    + . .      Spirit   .   f - +1 chain mail {rN+}
rPois   +          Reflect  .   (helmet restricted)
rElec   .          Harm     .   (no cloak)
rCorr   .          Rampage  .   n - +0 pair of gloves
Will    .....                   (no boots)
Stlth   ..........              (no amulet)
HPRegen 0.27/turn               k - ring of poison resistance
MPRegen 0.12/turn               m - +6 ring of intelligence

@: about to teleport, slowed, very slow
A: horns 2, retaliatory headbutt, talons 1, iridescent scales 1
a: Renounce Religion, Berserk, Trog's Hand


You were on level 2 of the Lair of Beasts.
You worshipped Trog.
Trog was most pleased with you.
You visited 2 branches of the dungeon, and saw 10 of its levels.

You collected 691 gold pieces.


Innate Abilities, Weirdness & Mutations

You have a pair of horns on your head.
You reflexively headbutt those who attack you in melee.
You have sharp toenails.
You are partially covered in iridescent scales. (AC +2)


   Skills:
 - Level 11.1 Fighting
 - Level 16.0 Axes
 - Level 2.4 Throwing
 + Level 7.1 Armour
 - Level 4.1 Dodging


You had 10 spell levels left.
You didn't know any spells.
Your spell library was empty.

Inventory:

Hand Weapons
 j - a +1 flail of holy wrath
 Y - a +1 war axe (weapon)
Missiles
 c - 2 boomerangs (quivered)
Armour
 f - a +1 chain mail of positive energy (worn)
 n - a +0 pair of gloves (worn)
 o - a +1 ring mail of fire resistance
Jewellery
 g - the amulet "Hengih" {Faith rPois}
   (You acquired it on level 4 of the Dungeon)

   [amulet of faith]

   It allows you to gain divine favour quickly.
   rPois:     It protects you from poison.
 k - a ring of poison resistance (left hand)
 m - a +6 ring of intelligence (right hand)
 p - a ring of poison resistance
Scrolls
 b - 3 scrolls of teleportation
 e - 4 scrolls of identify
Potions
 a - 3 potions of might
 d - 4 potions of heal wounds
 h - 3 potions of curing
 i - a potion of haste {unknown}

Dungeon Overview and Level Annotations

Branches:
Dungeon (8/15)             Temple (0/1) D:7            Lair (2/5) D:8
  Swamp (0/4) Lair:2
  Snake: Lair:2-3    Spider: Lair:2-3

Altars:
Fedhas
Kikubaaqudgha
Okawaru
Sif Muna

Annotations:
D:5 1 runed translucent door, qw's ghost, amateur MiFi
D:6 3 runed translucent doors, qw's ghost, novice DsCA; qw's ghost, novice GrFi; qw's ghost, novice MiFi


Message History

The bolt of cold misses you.
The bolt of cold hits the fungus!!!
The bolt of cold hits the plant!!
The plant begins to die.
You slash the bog body!
You claw the bog body, but do no damage.
The bog body is severely damaged.
You hit the fungus.
The bog body touches you but does no damage.
You barely miss the bog body. You claw the bog body!
The bog body is almost destroyed.
You slash the fungus! The bog body barely misses you. You furiously retaliate!
You headbutt the bog body. The bog body misses you. You furiously retaliate!
You headbutt the bog body. You closely miss the bog body.
Your headbutt misses the bog body.
The bog body is almost destroyed.
You slash the fungus! You hit the bog body.
A nearby fungus withers and dies.
The bog body misses you. You furiously retaliate!
You headbutt the bog body!
You destroy the bog body!
Trog accepts your kill.
Trog appreciates your killing of a magic user.
The bog body barely misses you.
Your Fighting skill increases to level 11!
You hit the bog body. Your kick misses the bog body.
The bog body is lightly damaged.
A nearby plant withers and dies.
The bog body misses you. You furiously retaliate!
You headbutt the bog body, but do no damage.
You hit the bog body.
The bog body is lightly damaged.
The bog body touches you. The bog body freezes you!!
You slash the bog body! You claw the bog body.
The bog body is severely damaged.
The bog body casts a spell at you. The bolt of cold hits you!!!
10478 ||| READING 4 scrolls of teleportation.
As you read the scroll of teleportation, it crumbles to dust.
You feel strangely unstable. The bog body touches you.
The bog body freezes you!!
You die...

....................#
#.##.###.####.####.## #
### #.#####.####
####PP..##.# .######
#........ #....#.##
##..#.##..
$......P#######.....P#..
7~~...............###.
77~7%@..##..##.P#.##..
¤¤¤¤~¤n.########.######.
¤¤¤~¤~... #.#####..
¤¤¤~¤¤..## #.P.#..P.
¤¤....#.. #........
¤...##... ##.P.#..# ..>.
#.. ######## ... ..##


You could see a bog body.

Vanquished Creatures
  2 hydras (Lair:1)
  A bog body (Lair:2)
  2 black mambas
  4 cane toads
  2 komodo dragons
  Prince Ribbit (D:7)
  5 yaks (Lair:1)
  A steam dragon (D:7)
  3 water moccasins
  An orc warrior (D:8)
  An ice beast (D:7)
  2 black bears
  3 ogres
  6 wolves (Lair:1)
  A centaur (D:7)
  2 phantoms
  2 necrophages
  8 bullfrogs
  5 scorpions
  4 killer bees (D:8)
  A howler monkey (D:5)
  2 jellies
  5 hounds
  5 orc priests
  3 gnoll boudas
  4 orc wizards
  Ijyb (D:4)
  An iguana (D:5)
  A mummy (D:4)
  Robin (D:4)
  26 gnolls
  4 adders
  2 shadow imps
  A white imp (D:7)
  An ufetubus (D:6)
  2 worms (D:4)
  6 dart slugs
  28 orcs
  6 ball pythons
  3 bats
  11 endoplasms
  3 giant cockroaches
  15 goblins
  8 hobgoblins
  A jackal (D:2)
  5 kobolds
  4 quokkas
  6 frilled lizards
  A hobgoblin zombie (D:4)
  A kobold zombie (D:4)
  5 rats
219 creatures vanquished.

Vanquished Creatures (others)
  A bush (Lair:1)
  18 fungi
  12 plants
  4 toadstools (D:3)
35 creatures vanquished.

Grand Total: 254 creatures vanquished

Notes
Turn   | Place    | Note
-------+----------+-------------------------------------------
     0 | D:1      | qw the Minotaur Berserker began the quest for the Orb.
     0 | D:1      | Reached XP level 1. HP: 19/19 MP: 0/0
     0 | D:1      | 0 ||| qw: Version: 0.1-a-116-g5d60599
     0 | D:1      | 0 ||| qw: Game counter: 7457
     0 | D:1      | 0 ||| qw: Always use a shield: true
     0 | D:1      | 0 ||| qw: Do Orc after D:15 true
     0 | D:1      | 0 ||| qw: Do second Lair branch before Depths: true
     0 | D:1      | 0 ||| qw: Lair rune preference: random
     0 | D:1      | 0 ||| qw: Plans: Normal
     0 | D:1      | 0 ||| PLANNING D:1-11
    71 | D:1      | Reached skill level 4 in Axes
   186 | D:1      | Reached XP level 2. HP: 24/26 MP: 1/1
   202 | D:1      | Found a faded altar of an unknown god.
   519 | D:1      | 519 ||| UPGRADING to +0 ring mail.
   529 | D:1      | 529 ||| DROPPING +0 animal skin.
   530 | D:1      | 530 ||| UPGRADING to +0 scale mail.
   540 | D:1      | 540 ||| DROPPING +0 ring mail.
   541 | D:1      | 541 ||| UPGRADING to +0 pair of gloves.
   546 | D:1      | 546 ||| READING scroll labelled FAOZXE FEKOGG.
   647 | D:1      | 647 ||| READING 3 scrolls labelled OVIUDANKIUSI.
   648 | D:1      | 648 ||| READING scroll labelled USHRUN TASEGH.
   649 | D:1      | 649 ||| READING scroll labelled WAACAO KALINT.
   652 | D:1      | 652 ||| READING scroll labelled FEMUTO LEADIW.
   653 | D:1      | 653 ||| READING scroll labelled TUSUGA DATOKE.
   654 | D:1      | 654 ||| READING scroll labelled BIERHI QIUBBENT.
   655 | D:1      | 655 ||| READING 2 scrolls of identify.
   655 | D:1      | 655 ||| IDENTIFYING fuming clear potion
   656 | D:1      | 656 ||| DROPPING potion of flight.
   673 | D:2      | 673 ||| STAIRDANCE
   675 | D:1      | 675 ||| INVOKING Berserk.
   677 | D:1      | Reached skill level 5 in Axes
   677 | D:1      | Reached XP level 3. HP: 31/31 MP: 2/2
   783 | D:2      | 783 ||| INVOKING Berserk.
   799 | D:2      | 799 ||| STAIRDANCE
   905 | D:2      | 905 ||| DROPPING +0 whip.
  1105 | D:2      | Reached ** piety under Trog
  1276 | D:2      | Reached skill level 6 in Axes
  1276 | D:2      | Reached XP level 4. HP: 39/39 MP: 3/3
  1391 | D:2      | Found an ancient bone altar of Kikubaaqudgha.
  1611 | D:2      | 1611 ||| Stepping ~*~*~tactically~*~*~ (stealth).
  1817 | D:2      | 1817 ||| UPGRADING to +0 chain mail.
  1827 | D:2      | 1827 ||| DROPPING +0 scale mail.
  1828 | D:2      | 1828 ||| UPGRADING to ring of poison resistance.
  1829 | D:2      | 1829 ||| READING scroll labelled XOZAAT QIRO.
  1830 | D:2      | 1830 ||| READING 3 scrolls labelled TIF TA OBBADUASCH.
  1831 | D:2      | 1831 ||| DRINKING 3 silvery potions.
  1832 | D:2      | 1832 ||| DRINKING 3 orange potions.
  1833 | D:2      | 1833 ||| DRINKING 2 bubbling dark potions.
  1834 | D:2      | 1834 ||| DRINKING 2 puce potions.
  1834 | D:2      | Gained mutation: You have a somewhat thin skeletal
                  | structure. (Dex +2, Stealth+) [potion of mutation]
  1834 | D:2      | Gained mutation: You are frail. (-10% HP) [potion of
                  | mutation]
  1834 | D:2      | Gained mutation: You have sharp toenails. [potion of
                  | mutation]
  1834 | D:2      | Gained mutation: Your skin changes colour to match your
                  | surroundings (Stealth+). [potion of mutation]
  1835 | D:2      | 1835 ||| DRINKING potion of mutation.
  1835 | D:2      | Lost mutation: Your skin changes colour to match your
                  | surroundings (Stealth+). [potion of mutation]
  1835 | D:2      | Lost mutation: You are frail. (-10% HP) [potion of
                  | mutation]
  1835 | D:2      | Lost mutation: You have a somewhat thin skeletal structure.
                  | (Dex +2, Stealth+) [potion of mutation]
  1835 | D:2      | Gained mutation: You are partially covered in iridescent
                  | scales. (AC +2) [potion of mutation]
  1864 | D:2      | 1864 ||| DROPPING 2 potions of attraction.
  1865 | D:2      | 1865 ||| DROPPING 2 scrolls of magic mapping.
  1910 | D:3      | 1910 ||| Stepping ~*~*~tactically~*~*~ (stealth).
  1913 | D:3      | 1913 ||| Stepping ~*~*~tactically~*~*~ (stealth).
  1914 | D:3      | 1914 ||| Stepping ~*~*~tactically~*~*~ (stealth).
  1925 | D:3      | 1925 ||| Stepping ~*~*~tactically~*~*~ (stealth).
  1926 | D:3      | 1926 ||| Stepping ~*~*~tactically~*~*~ (stealth).
  1928 | D:3      | 1928 ||| Stepping ~*~*~tactically~*~*~ (stealth).
  1939 | D:3      | 1939 ||| Stepping ~*~*~tactically~*~*~ (hiding).
  1964 | D:3      | 1964 ||| READING scroll of enchant weapon.
  1964 | D:3      | 1964 ||| ENCHANTING +1 hand axe of protection.
  2072 | D:3      | 2072 ||| Stepping ~*~*~tactically~*~*~ (stealth).
  2073 | D:3      | 2073 ||| Stepping ~*~*~tactically~*~*~ (stealth).
  2074 | D:3      | 2074 ||| Stepping ~*~*~tactically~*~*~ (hiding).
  2077 | D:3      | 2077 ||| INVOKING Berserk.
  2083 | D:3      | Reached skill level 7 in Axes
  2083 | D:3      | Reached XP level 5. HP: 45/45 MP: 4/4
  2734 | D:3      | 2734 ||| UPGRADING to +1 chain mail of positive energy.
  2744 | D:3      | 2744 ||| DROPPING +0 chain mail.
  2745 | D:3      | 2745 ||| READING 2 scrolls of identify.
  2745 | D:3      | 2745 ||| IDENTIFYING smoky purple potion
  2746 | D:3      | 2746 ||| DROPPING potion of invisibility.
  2776 | D:4      | 2776 ||| PLANNING OSSUARY
  2800 | D:4      | Noticed an ogre
  2807 | D:4      | 2807 ||| INVOKING Berserk.
  2810 | D:4      | Killed an ogre
  2928 | D:4      | Found a blossoming altar of Fedhas.
  2978 | D:4      | Noticed Robin
  2979 | D:4      | 2979 ||| Stepping ~*~*~tactically~*~*~ (hiding).
  2985 | D:4      | Reached *** piety under Trog
  2988 | D:4      | 2988 ||| Stepping ~*~*~tactically~*~*~ (hiding).
  2991 | D:4      | 2991 ||| INVOKING Berserk.
  2993 | D:4      | Killed Robin
  3002 | D:4      | Reached XP level 6. HP: 56/56 MP: 5/5
  3068 | D:4      | 3068 ||| Stepping ~*~*~tactically~*~*~ (stealth).
  3070 | D:4      | 3070 ||| Stepping ~*~*~tactically~*~*~ (stealth).
  3182 | D:4      | 3182 ||| INVOKING Berserk.
  3184 | D:4      | Reached skill level 8 in Axes
  3377 | D:4      | 3377 ||| RIP OSSUARY
  3390 | D:4      | 3390 ||| PLANNING D:1-11
  3396 | D:4      | Noticed Ijyb
  3397 | D:4      | 3397 ||| Stepping ~*~*~tactically~*~*~ (hiding).
  3398 | D:4      | 3398 ||| INVOKING Berserk.
  3402 | D:4      | Killed Ijyb
  3601 | D:4      | 3601 ||| INVOKING Berserk.
  3713 | D:4      | 3713 ||| DROPPING +0 flail.
  3748 | D:4      | 3748 ||| Stepping ~*~*~tactically~*~*~ (stealth).
  3750 | D:4      | 3750 ||| Stepping ~*~*~tactically~*~*~ (stealth).
  3752 | D:4      | 3752 ||| Stepping ~*~*~tactically~*~*~ (hiding).
  3754 | D:4      | 3754 ||| INVOKING Berserk.
  3826 | D:4      | 3826 ||| Stepping ~*~*~tactically~*~*~ (stealth).
  3828 | D:4      | 3828 ||| Stepping ~*~*~tactically~*~*~ (stealth).
  4094 | D:4      | 4094 ||| READING scroll labelled RIMAUZIA JOIPP.
  4094 | D:4      | Identified a scroll of acquirement
  4094 | D:4      | 4094 ||| ACQUIRING amulet "Hengih" {Faith rPois}
  4094 | D:4      | Acquired the amulet "Hengih" {Faith rPois}
  4096 | D:4      | 4096 ||| READING 2 scrolls of identify.
  4096 | D:4      | 4096 ||| IDENTIFYING clear potion
  4114 | D:5      | Entered Level 5 of the Dungeon
  4138 | D:5      | 4138 ||| INVOKING Berserk.
  4140 | D:5      | Reached skill level 9 in Axes
  4140 | D:5      | Reached XP level 7. HP: 61/61 MP: 6/6
  4277 | D:5      | Reached skill level 3 in Armour
  4287 | D:5      | 4287 ||| INVOKING Berserk.
  4409 | D:5      | Noticed qw's ghost (amateur MiFi)
  4429 | D:5      | Reached skill level 10 in Axes
  4431 | D:5      | Found a runed translucent door.
  4434 | D:5      | Found an ancient bone altar of Kikubaaqudgha.
  4569 | D:5      | 4569 ||| INVOKING Berserk.
  4571 | D:5      | Reached skill level 1 in Throwing
  4756 | D:5      | 4756 ||| INVOKING Berserk.
  4901 | D:5      | Reached skill level 6 in Fighting
  4901 | D:5      | Reached XP level 8. HP: 63/70 MP: 7/7
  5120 | D:5      | 5120 ||| READING scroll labelled KUEMIB NIUNWOTYHOO.
  5121 | D:5      | 5121 ||| READING scroll labelled SESKIU FIUWN.
  5358 | D:6      | Reached skill level 11 in Axes
  5378 | D:6      | 5378 ||| SWAPPING to +0 war axe.
  5396 | D:6      | 5396 ||| DROPPING +2 hand axe of protection.
  5436 | D:6      | 5436 ||| Stepping ~*~*~tactically~*~*~ (stealth).
  5438 | D:6      | 5438 ||| Stepping ~*~*~tactically~*~*~ (hiding).
  5439 | D:6      | 5439 ||| FLEEEEING.
  5441 | D:6      | 5441 ||| INVOKING Berserk.
  5545 | D:6      | 5545 ||| INVOKING Berserk.
  5653 | D:6      | Found a runed translucent gate.
  5656 | D:6      | Found a runed translucent gate.
  5657 | D:6      | Found a runed translucent gate.
  5657 | D:6      | Noticed qw's ghost (novice GrFi)
  5657 | D:6      | Noticed qw's ghost (novice DsCA)
  5657 | D:6      | Noticed qw's ghost (novice MiFi)
  5686 | D:6      | 5686 ||| Stepping ~*~*~tactically~*~*~ (hiding).
  5692 | D:6      | 5692 ||| INVOKING Berserk.
  5821 | D:6      | 5821 ||| Stepping ~*~*~tactically~*~*~ (hiding).
  5830 | D:6      | Reached skill level 12 in Axes
  5841 | D:6      | 5841 ||| Stepping ~*~*~tactically~*~*~ (stealth).
  5951 | D:6      | 5951 ||| INVOKING Berserk.
  6597 | D:7      | Found a shimmering blue altar of Sif Muna.
  6669 | D:7      | 6669 ||| Stepping ~*~*~tactically~*~*~ (stealth).
  6672 | D:7      | 6672 ||| Stepping ~*~*~tactically~*~*~ (hiding).
  6681 | D:7      | 6681 ||| INVOKING Berserk.
  6689 | D:7      | Reached XP level 9. HP: 79/79 MP: 8/8
  6876 | D:7      | Found an iron altar of Okawaru.
  6907 | D:7      | 6907 ||| DRINKING 3 potions of curing.
  6907 | D:7      | 6907 ||| (to cure confusion)
  6998 | D:7      | Noticed Prince Ribbit
  7000 | D:7      | 7000 ||| INVOKING Berserk.
  7007 | D:7      | Killed Prince Ribbit
  7008 | D:7      | Reached skill level 13 in Axes
  7163 | D:7      | 7163 ||| Stepping ~*~*~tactically~*~*~ (cloud).
  7165 | D:7      | 7165 ||| INVOKING Berserk.
  7405 | D:7      | Found a staircase to the Ecumenical Temple.
  7574 | D:7      | 7574 ||| READING scroll labelled FUFAIM AQAEMO.
  7575 | D:7      | 7575 ||| DRINKING 3 bubbling blue potions.
  7576 | D:7      | 7576 ||| READING 3 scrolls of identify.
  7576 | D:7      | 7576 ||| IDENTIFYING ruby potion
  7577 | D:7      | 7577 ||| DROPPING 2 potions of degeneration.
  7578 | D:7      | 7578 ||| DROPPING potion of ambrosia.
  7936 | D:8      | Found a staircase to the Lair.
  7937 | D:8      | 7937 ||| INVOKING Berserk.
  8028 | D:8      | 8028 ||| Stepping ~*~*~tactically~*~*~ (stealth).
  8033 | D:8      | 8033 ||| Stepping ~*~*~tactically~*~*~ (hiding).
  8038 | D:8      | 8038 ||| INVOKING Berserk.
  8043 | D:8      | Reached skill level 14 in Axes
  8045 | D:8      | Reached **** piety under Trog
  8253 | D:8      | Identified the +1 leather armour of the Spider Nest {rC-
                  | Regen+ Int+5}
  8276 | D:8      | 8276 ||| Stepping ~*~*~tactically~*~*~ (hiding).
  8282 | D:8      | 8282 ||| INVOKING Berserk.
  8580 | D:8      | 8580 ||| PLANNING LAIR
  8580 | D:8      | 8580 ||| READING 4 scrolls of identify.
  8580 | D:8      | 8580 ||| IDENTIFYING fuming yellow potion
  8581 | D:8      | 8581 ||| DROPPING potion of brilliance.
  8623 | Lair:1   | Entered Level 1 of the Lair of Beasts
  8651 | Lair:1   | Noticed a cane toad
  8655 | Lair:1   | 8655 ||| INVOKING Berserk.
  8660 | Lair:1   | Killed a cane toad
  8716 | Lair:1   | Reached skill level 3 in Dodging
  8716 | Lair:1   | Reached XP level 10. HP: 77/88 MP: 9/9
  8722 | Lair:1   | Reached skill level 15 in Axes
  8731 | Lair:1   | Noticed a black mamba
  8734 | Lair:1   | 8734 ||| INVOKING Berserk.
  8738 | Lair:1   | Killed a black mamba
  8739 | Lair:1   | Reached skill level 9 in Fighting
  8834 | Lair:1   | Noticed an eight-headed hydra
  8837 | Lair:1   | 8837 ||| SWAPPING to +1 flail of holy wrath.
  8839 | Lair:1   | 8839 ||| INVOKING Berserk.
  8843 | Lair:1   | Killed an eight-headed hydra
  8844 | Lair:1   | Reached skill level 6 in Armour
  8853 | Lair:1   | 8853 ||| Stepping ~*~*~tactically~*~*~ (stealth).
  8854 | Lair:1   | 8854 ||| SWAPPING to +0 war axe.
  8898 | Lair:1   | 8898 ||| Stepping ~*~*~tactically~*~*~ (stealth).
  8950 | Lair:1   | 8950 ||| INVOKING Berserk.
  9288 | Lair:1   | 9288 ||| READING scroll of enchant weapon.
  9288 | Lair:1   | 9288 ||| ENCHANTING +0 war axe.
  9312 | Lair:1   | Noticed a cane toad
  9316 | Lair:1   | 9316 ||| INVOKING Berserk.
  9318 | Lair:1   | Reached skill level 16 in Axes
  9320 | Lair:1   | Killed a cane toad
  9465 | Lair:1   | Noticed a seven-headed hydra
  9466 | Lair:1   | 9466 ||| INVOKING Brothers in Arms.
  9467 | Lair:1   | 9467 ||| SWAPPING to +1 flail of holy wrath.
  9468 | Lair:1   | 9468 ||| INVOKING Berserk.
  9472 | Lair:1   | Killed a seven-headed hydra
  9477 | Lair:1   | 9477 ||| SWAPPING to +1 war axe.
  9830 | Lair:1   | 9830 ||| UPGRADING to +6 ring of intelligence.
  9831 | Lair:1   | 9831 ||| READING scroll labelled HOYNAM PAAM.
  9832 | Lair:1   | 9832 ||| READING 5 scrolls of identify.
  9832 | Lair:1   | 9832 ||| IDENTIFYING fizzy coppery potion
  9833 | Lair:1   | 9833 ||| DROPPING potion of magic.
  9886 | Lair:2   | 9886 ||| INVOKING Berserk.
 10008 | Lair:2   | Noticed a cane toad
 10011 | Lair:2   | 10011 ||| INVOKING Berserk.
 10014 | Lair:2   | Killed a cane toad
 10173 | Lair:2   | Noticed a cane toad
 10175 | Lair:2   | 10175 ||| INVOKING Berserk.
 10177 | Lair:2   | Killed a cane toad
 10178 | Lair:2   | Reached XP level 11. HP: 101/101 MP: 10/10
 10333 | Lair:2   | 10333 ||| INVOKING Berserk.
 10466 | Lair:2   | Found a staircase to the Swamp.
 10466 | Lair:2   | Noticed a bog body
 10467 | Lair:2   | Noticed a bog body
 10474 | Lair:2   | Killed a bog body
 10477 | Lair:2   | HP: 12/102 [bog body/bolt of cold (43)]
 10478 | Lair:2   | 10478 ||| READING 4 scrolls of teleportation.
 10478 | Lair:2   | Demolished by a bog body

Levels and vault maps discovered:
D:1:      eino_arrival_cavern_a, layout_rooms,
          hellmonk_ecumenical_altar_arch_garden
D:2:      layout_basic, basic_altar, minmay_randomly_rotated_circles
D:3:      layout_loops_ring, minmay_gold_behind_fungi
D:4:      layout_loops_ring, fedhas_altar_3, nicolae_ossuary_entry_giza,
          minivault_23, minmay_misc_feat_chi, uniq_ijyb, uniq_robin
D:5:      layout_basic, lemuel_crystal_altar, hellmonk_ghost_happy_afterlife
D:6:      layout_loops_ring, gammafunk_ghost_cemetery
D:7:      layout_loops_ring, mainiacjoe_overflow_alcove_2,
          mainiacjoe_overflow_cross_hatched, lemuel_temple_firewalk_b,
          nicolae_elevator_lobby_plus, uniq_prince_ribbit1
D:8:      layout_basic, grunt_lair_entry_orc_guard_hut
Lair:1:   layout_regular_city, enter_volcano_4
Lair:2:   layout_loops_ring, skrybe_swamp_entry_bodies,
          chequers_serial_rivers_micro_b

Skill      XL: |  1  2  3  4  5  6  7  8  9 10 11 |
---------------+----------------------------------+-----
Axes           | 4 5 6 7 9 10 12 14 16 | 16.0
Fighting       | 5 6 7 8 10 11 | 11.1
Armour         | 3 4 5 7 |  7.1
Throwing       | 1 2 |  2.4
Dodging        | 3 4 |  4.1

Action                   |  1- 3 |  4- 6 |  7- 9 | 10-12 || total
-------------------------+-------+-------+-------+-------++-------
Melee: Hand axe          |    61 |   134 |    54 |       ||   249
       Headbutt          |     8 |    16 |    24 |    17 ||    65
       Kick              |       |    19 |    60 |    27 ||   106
       Punch             |       |     1 |     2 |     2 ||     5
       War axe           |       |       |   141 |    69 ||   210
       Flail             |       |       |       |     8 ||     8
Throw: Boomerang         |       |    16 |    60 |    23 ||    99
Invok: Berserk           |     2 |     8 |    14 |     9 ||    33
       Brothers in Arms  |       |       |       |     1 ||     1
  Use: Scroll            |     8 |     6 |     5 |     4 ||    23
       Potion            |       |     5 |     2 |       ||     7
Armor: Animal skin       |     1 |       |       |       ||     1
       Scale mail        |    21 |    16 |       |       ||    37
       Chain mail        |       |    30 |   102 |    31 ||   163
Dodge: Dodged            |    42 |    47 |    68 |    44 ||   201

Table legend:
 A = Non-vault XP
 B = Vault XP
 C = Vault XP percentage of total XP
 D = Non-vault monster count
 E = Vault monster count
 F = Vault count percentage of total count
                 A         B        C        D         E       F
            +---------+---------+-------+---------+---------+-------
      Total |   11143 |    1605 |  12.6 |     190 |      29 |  13.2
            +---------+---------+-------+---------+---------+-------
        D:1 |      41 |       0 |   0.0 |      16 |       0 |   0.0
        D:2 |      59 |      34 |  36.6 |      21 |       6 |  22.2
        D:3 |      95 |       0 |   0.0 |      20 |       0 |   0.0
        D:4 |     377 |      92 |  19.6 |      22 |      16 |  42.1
        D:5 |    1030 |       0 |   0.0 |      24 |       0 |   0.0
        D:6 |     815 |       0 |   0.0 |      25 |       0 |   0.0
        D:7 |     711 |     268 |  27.4 |      19 |       1 |   5.0
        D:8 |     755 |     502 |  39.9 |      18 |       5 |  21.7
     Lair:1 |    5494 |       0 |   0.0 |      20 |       0 |   0.0
     Lair:2 |    1766 |     709 |  28.6 |       5 |       1 |  16.7
            +---------+---------+-------+---------+---------+-------
